 Dungeon Crawl Stone Soup version 0.13-a0-2001-g039544c (webtiles) character file.

968 Desperu the Geomancer (level 7, 0/47 (50) HPs)
             Began as a Gargoyle Earth Elementalist on June 22, 2013.
             Slain by a sky beast (6 damage)
             ... on Level 6 of the Dungeon on June 25, 2013.
             The game lasted 00:33:26 (6977 turns).

Desperu the Geomancer (Gargoyle Earth Elementalist) Turns: 6977, Time: 00:33:26

HP   0/47 (50)   AC  4     Str 12      XL: 7   Next: 61%
MP  13/13        EV 12     Int 17      God:
Gold 285         SH  0     Dex 10      Spells:  3 memorised,  3 levels left

Res.Fire  : . . .   See Invis. : .   a - +2,+0 whip (venom)
Res.Cold  : + + .   Warding    : .   c - +0 robe
Life Prot.: + . .   Conserve   : .   (no shield)
Res.Poison: .       Res.Corr.  : .   (no helmet)
Res.Elec. : .       Clarity    : .   K - +0 cloak
Sust.Abil.: . .     Spirit.Shd : .   m - +0 pair of gauntlets
Res.Mut.  : .       Stasis     : .   (no boots)
Res.Rott. : .       Flight     : .   (no amulet)
Saprovore : . . .                    (no ring)
                                     b - cursed ring of protection from cold {unkno

@: slightly resistant to hostile enchantments, fairly stealthy
A: fangs 1, talons 2, cold resistance 1, life protection 1, slow metabolism 1,
petrification resistance, trample resistance
a: no special abilities


You were on level 6 of the Dungeon.
You were very hungry.

You visited 2 branches of the dungeon, and saw 7 of its levels.

You collected 265 gold pieces.

Inventory:

Hand weapons
 a - a +2,+0 whip of venom (weapon)
 f - a +2 blowgun
 k - a +1,+4 orcish dagger
 p - a +0,+0 orcish club (quivered)
Missiles
 h - 23 poisoned needles
 B - 47 stones
Armour
 c - a +0 robe (worn)
 m - a +0 pair of gauntlets (worn)
 K - a +0 cloak (worn)
Magical devices
 n - a wand of fire (6)
 y - a wand of random effects (2)
Comestibles
 i - 6 bread rations
 v - 2 meat rations
 z - a cheese
 H - 9 strawberries
Scrolls
 e - a scroll of fog {unknown}
 s - 3 scrolls of identify {unknown}
 t - a scroll of enchant weapon I {unknown}
 u - a scroll of fear {unknown}
 w - a scroll of blinking {unknown}
 x - 2 scrolls of amnesia {unknown}
 C - 2 scrolls of teleportation {unknown}
 D - a scroll of recharging {unknown}
 F - a scroll of noise {unknown}
 G - a scroll of remove curse
 J - a scroll of magic mapping {unknown}
Jewellery
 b - a cursed ring of protection from cold (left hand) {unknown}
 g - an uncursed ring of sustenance {unknown}
 l - an uncursed amulet of warding {unknown}
 q - an uncursed ring of see invisible {unknown}
 r - an uncursed ring of teleportation
 I - an uncursed ring of protection from magic {unknown}
 L - an uncursed ring of fire
Potions
 j - a potion of confusion
 o - a potion of restore abilities
 E - a potion of flight {unknown}
Books
 d - a book of Geomancy

   Spells                             Type                      Level
   *Sandblast                         Earth                        1
   Stoneskin                          Transmutation/Earth          2
   *Passwall                          Transmutation/Earth          3
   *Stone Arrow                       Conjuration/Earth            3
   Petrify                            Transmutation/Earth          4
   Lee's Rapid Deconstruction         Earth                        5
 A - a book of Clouds

   Spells                             Type                      Level
   Mephitic Cloud                     Conjuration/Poison/Air       3
   Conjure Flame                      Conjuration/Fire             3
   Poisonous Cloud                    Conjuration/Poison/Air       6
   Freezing Cloud                     Conjuration/Ice/Air          6
   Ring of Flames                     Charms/Fire                  7


   Skills:
 - Level 0.2 Fighting
 - Level 0.4 Maces & Flails
 - Level 1.7 Dodging
 - Level 2.1 Stealth
 - Level 0.3 Traps
 + Level 2.4 Spellcasting
 - Level 4.4 Conjurations
 - Level 0.8 Transmutations
 + Level 8.9 Earth Magic


You had 3 spell levels left.
You knew the following spells:

 Your Spells              Type           Power        Failure   Level  Hunger
a - Sandblast             Erth           ####..       1%          1    #......
b - Stone Arrow           Conj/Erth      ###...       4%          3    ###....
c - Passwall              Trmt/Erth      ###.......   10%         3    ###....


Dungeon Overview and Level Annotations

Branches:
Dungeon (6/27)             Temple (1/1) D:5
    Orc: D:6-11

Altars:
Cheibriados
Elyvilon
Fedhas
Kikubaaqudgha
Makhleb
Nemelex Xobeh
Okawaru
Sif Muna
Trog
Xom
Yredelemnul
Zin
the Shining One

Annotations
D:3 Diracelecht's ghost, average SpEn
D:5 exclusion: player ghost, Edmund; Rorthrar's ghost, experienced HOFi
D:6 Duvessa


Innate Abilities, Weirdness & Mutations

You have very sharp teeth.
You have razor-sharp toenails.
Your flesh is cold resistant.
You resist negative energy.
You have a slow metabolism.
You are immune to petrification.
You are resistant to trampling.


Message History

You hit the adder zombie. Your kick misses the adder zombie.
The adder zombie bites you but does no damage.
The adder zombie bites you.
You hit the adder zombie.
You destroy the adder zombie!
The sky beast flickers out of sight!
Deactivating autopickup; reactivate with Ctrl-A.
You hit it. Your kick misses it. It hits you. It shocks you.
Evoke which item? (* to show all) (? for menu, Esc to quit)
Zapping:
y - a wand of random effects {zapped: 7}
Press: ? - help, Shift-Dir - straight line It hits you.
* * * LOW HITPOINT WARNING * * *
It shocks you.
* * * LOW HITPOINT WARNING * * *
Drink which item? (? for menu, Esc to quit)
You feel refreshed.
It was a potion of restore abilities.
It hits you.
* * * LOW HITPOINT WARNING * * *
It shocks you!
You die...

#.......I..#
.######...##I....###
......[......z........
#######.########.####
#.# .# #.# . #.# . #.#
#@# #.# #.# ####.####
#.......# #.......#
#.......#############
#....................
#####################


There were no monsters in sight!

Vanquished Creatures
  A giant frog (D:6)
  6 crimson imps
  Dowan (D:6)
  A hound (D:3)
  An iguana (D:5)
  3 worker ants (D:4)
  Jessica (D:2)
  A jelly (D:5)
  3 gnolls (D:3)
  4 adders
  2 adder zombies
  A worm (D:5)
  A bat skeleton (D:6)
  3 giant geckos
  A gnoll skeleton (D:4)
  2 oozes
  8 orcs
  4 giant cockroaches
  13 hobgoblins
  13 kobolds
  2 quokkas
  6 ball pythons
  9 bats
  2 giant newts
  10 goblins
  A goblin skeleton (D:5)
  3 hobgoblin skeletons
  19 jackals
  13 rats
  A rat skeleton (D:5)
  A rat zombie (D:5)
137 creatures vanquished.

Vanquished Creatures (others)
  A giant newt (D:1)
  A giant spore (D:6)
  A kobold (D:4)
3 creatures vanquished.

Grand Total: 140 creatures vanquished

Notes
Turn   | Place    | Note
--------------------------------------------------------------
     0 | D:1      | Desperu, the Gargoyle Earth Elementalist, began the quest for the Orb.
     0 | D:1      | Reached XP level 1. HP: 14/14 MP: 3/3
   217 | D:1      | Reached XP level 2. HP: 8/20 MP: 4/4
   592 | D:1      | Reached skill level 5 in Earth Magic
  1173 | D:1      | Reached XP level 3. HP: 15/26 MP: 5/5
  1334 | D:2      | Noticed Jessica
  1342 | D:2      | Killed Jessica
  1580 | D:2      | Reached skill level 6 in Earth Magic
  1586 | D:2      | Learned a level 3 spell: Stone Arrow
  1654 | D:2      | Reached XP level 4. HP: 33/33 MP: 7/7
  1959 | D:2      | Found a shimmering altar of Xom.
  2049 | D:3      | Reached skill level 1 in Conjurations
  2217 | D:3      | Reached XP level 5. HP: 8/38 MP: 1/8
  2468 | D:3      | Noticed Diracelecht's ghost (average SpEn)
  2974 | D:3      | Reached skill level 7 in Earth Magic
  3938 | D:4      | Reached XP level 6. HP: 42/42 MP: 7/9
  4334 | D:4      | Learned a level 3 spell: Passwall
  4335 | D:5      | Entered Level 5 of the Dungeon
  4559 | D:5      | Noticed Edmund
  4976 | D:5      | Reached skill level 8 in Earth Magic
  5020 | D:5      | Noticed Rorthrar's ghost (experienced HOFi)
  5403 | D:5      | Reached XP level 7. HP: 42/47 MP: 1/10
  5588 | D:5      | Found a staircase to the Ecumenical Temple.
  5799 | Temple   | Entered the Ecumenical Temple
  6003 | D:5      | Upgraded the game from 0.13-a0-1762-gc06daff to 0.13-a0-2001-g039544c
  6038 | D:6      | Noticed Dowan
  6041 | D:6      | Noticed Duvessa
  6611 | D:6      | Killed Dowan
  6977 | D:6      | Slain by a sky beast

Action                   |  1- 3 |  4- 6 |  7- 9 || total
-------------------------+-------+-------+-------++-------
Melee: Club              |    76 |    17 |       ||    93
       Unarmed           |     7 |       |       ||     7
       Dagger            |    24 |   251 |    19 ||   294
       Whip              |       |       |    55 ||    55
 Cast: Sandblast         |    10 |    32 |    10 ||    52
       Stone Arrow       |       |    18 |    10 ||    28
       Passwall          |       |     4 |     1 ||     5
Evoke: Wand              |       |       |     9 ||     9
  Use: Scroll            |       |     2 |       ||     2
       Potion            |       |     7 |     1 ||     8
 Stab: Sleeping          |     5 |     2 |       ||     7
       Distracted        |       |       |     1 ||     1
